Map: Jagannatha LE

Players

Namshar - Winner!

  • Race: Zerg Zerg
  • League: Grandmaster
  • Spawn Location: 7:00

Asuna

  • Race: Protoss Protoss
  • League: Master
  • Spawn Location: 1:00

Event: DreamHack SC2 Masters 2020 Winter

VOD

Have the link to the VOD?

Description

Time

  • Played on: Nov. 1, 2020, 3:54 p.m.
  • Length: 18:09

All games in this series

Show
View Real Time Build Order
Export as new Build Order

Namshar Zerg - Winner!

Build Orders: Pool First, Lurkers 

Get SALT Encoding   

  12  0:00  Drone  
  13  0:12  Overlord  
  13  0:16  Drone  
  14  0:31  Drone x2  
  14  0:34  Drone  
  17  0:43  Spawning Pool  
  17  0:47  Drone  
  17  1:07  Hatchery  
  17  1:10  Extractor  
  15  1:12  Drone  
  15  1:17  Drone  
  17  1:31  Queen, Zergling x2  
  20  1:42  Drone  
  20  1:43  Overlord  
  21  1:50  Drone  
  22  2:06  Drone  
  22  2:07  Queen  
  25  2:11  Metabolic Boost  
  25  2:16  Drone  
  25  2:20  Drone  
  27  2:27  Drone  
  28  2:39  Hatchery  
  28  2:40  Drone x2  
  28  2:42  Drone  
  29  2:45  Drone  
  29  2:48  Drone  
  31  2:52  Overlord  
  31  2:57  Zergling x4  
  33  3:03  Queen  
  35  3:09  Overlord  
  35  3:11  Zergling x4  
  37  3:17  Drone x2  
  39  3:20  Drone  
  39  3:22  Drone  
  41  3:28  Drone x3  
  41  3:32  Zergling x2  
  41  3:33  Zergling x2  
  45  3:39  Drone  
  45  3:40  Queen  
  48  3:44  Spore Crawler  
  48  3:45  Spore Crawler  
  46  3:50  Queen  
  46  3:54  Drone x4  
  52  4:05  Drone  
  52  4:06  Roach Warren  
  52  4:08  Overlord  
  50  4:17  Overlord  
  50  4:18  Overlord x2  
  48  4:24  Spore Crawler  
  48  4:26  Zergling x8  
  48  4:28  Zergling x6  
  54  4:32  Drone  
  56  4:38  Drone x2  
  56  4:43  Drone  
  58  4:47  Drone x2  
  58  4:52  Drone x6  
  66  4:56  Drone x3  
  66  4:58  Extractor  
  68  5:00  Extractor  
  67  5:07  Drone x3  
  67  5:12  Lair  
  70  5:14  Drone x2  
  70  5:24  Drone x8  
  70  5:26  Evolution Chamber  
  70  5:27  Extractor  
  76  5:30  Extractor  
  76  5:31  Overlord  
  76  5:32  Extractor  
  76  5:34  Queen  
  76  5:35  Queen  
  78  5:44  Drone x3  
  78  5:45  Overlord x2  
  81  5:58  Drone x7  
  81  6:03  Drone  
  89  6:07  Drone x2, Hatchery  
  89  6:08  Drone  
  89  6:10  Drone, Queen, Spire  
  93  6:11  Zerg Missile Weapons Level 1  
  93  6:14  Glial Reconstitution  
  93  6:19  Zergling x10  
  96  6:29  Zergling x12  
  98  6:38  Zergling x4  
  98  6:43  Zergling x2  
  98  6:45  Queen  
  94  6:47  Drone x3  
  93  6:59  Drone x5  
  97  7:08  Drone  
  97  7:09  Drone  
  97  7:12  Overseer  
  97  7:14  Overlord  
  99  7:23  Overlord x3  
  99  7:32  Queen  
  99  7:33  Queen  
  103  7:37  Mutalisk x8  
  119  7:48  Hatchery  
  116  7:51  Mutalisk x6  
  128  8:05  Mutalisk x3  
  124  8:18  Overlord x2  
  122  8:20  Zerg Flyer Weapons Level 1  
  122  8:22  Zerg Missile Weapons Level 2  
  122  8:26  Hatchery  
  122  8:29  Overlord x2  
  122  8:32  Mutalisk x2  
  126  8:40  Hatchery  
  121  8:54  Mutalisk  
  121  8:55  Mutalisk x3  
  125  9:01  Drone x6  
  125  9:05  Extractor  
  125  9:06  Extractor  
  123  9:10  Hydralisk Den  
  123  9:15  Overlord x2  
  123  9:16  Queen  
  124  9:17  Mutalisk  
  124  9:19  Mutalisk, Queen  
  124  9:22  Extractor  
  129  9:26  Mutalisk  
  129  9:28  Extractor  
  128  9:32  Mutalisk  
  130  9:39  Mutalisk x2  
  128  9:45  Mutalisk  
  128  9:47  Queen  
  128  9:48  Drone x4  
  136  9:53  Queen  
  136  9:58  Overlord x2  
  136  9:59  Grooved Spines  
  138  10:00  Overlord  
  138  10:01  Drone  
  138  10:02  Drone x4  
  138  10:04  Queen x2  
  145  10:22  Queen  
  145  10:25  Hydralisk x8  
  145  10:26  Hydralisk x5  
  173  10:30  Drone  
  173  10:31  Infestation Pit  
  173  10:34  Hydralisk  
  173  10:35  Hydralisk x2  
  179  10:47  Hydralisk x7  
  189  11:05  Drone, Zerg Ground Armor Level 1  
  189  11:07  Hive  
  189  11:09  Evolution Chamber, Hydralisk  
  189  11:10  Muscular Augments, Hydralisk x4  
  199  11:17  Zerg Flyer Weapons Level 2  
  199  11:22  Drone  
  199  11:23  Lurker Den  
  199  11:36  Pneumatized Carapace  
  199  11:43  Overseer x2  
  199  11:46  Burrow  
  176  12:03  Hydralisk x11  
  188  12:16  Overseer x2  
  188  12:19  Zerg Missile Weapons Level 3  
  188  12:21  Seismic Spines  
  188  12:31  Drone  
  188  12:32  Drone x10  
  188  12:33  Spine Crawler  
  188  12:35  Spine Crawler x2  
  188  12:36  Spine Crawler  
  195  12:37  Spine Crawler  
  195  12:40  Spine Crawler  
  195  12:41  Spine Crawler  
  195  12:42  Spine Crawler x2  
  195  12:43  Spine Crawler  
  195  12:44  Spine Crawler x2  
  188  12:45  Drone x5, Spine Crawler  
  188  12:47  Spine Crawler  
  188  12:48  Spine Crawler  
  189  13:09  Zerg Ground Armor Level 2  
  189  13:13  Hatchery  
  189  13:18  Adaptive Talons  
  189  13:19  Lurker  
  196  13:20  Lurker x10  
  199  13:28  Spore Crawler  
  199  13:29  Spore Crawler x2  
  199  13:30  Spore Crawler  
  195  13:34  Zerg Flyer Armor Level 1  
  195  13:40  Spine Crawler  
  192  13:42  Spore Crawler, Spine Crawler  
  192  13:44  Viper x2  
  192  13:45  Spore Crawler, Overseer  
  174  14:08  Hydralisk x6  
  165  14:11  Hydralisk x4  
  165  14:15  Hydralisk x4  
  165  14:17  Overlord x4  
  165  14:39  Viper  
  165  14:40  Viper x2  
  175  14:45  Lurker  
  175  14:46  Lurker x7  
  182  14:57  Drone x6  
  188  15:01  Adrenal Glands, Zerg Melee Weapons Level 1  
  188  15:03  Drone  
  188  15:04  Baneling Nest  
  188  15:07  Hydralisk x6  
  194  15:32  Hydralisk x6  
  194  15:34  Hydralisk x4  
  188  15:52  Extractor  
  188  15:53  Extractor  
  183  16:01  Overseer x2  
  183  16:02  Overseer  
  183  16:05  Lurker x12  
  183  16:07  Hydralisk  
  183  16:08  Hydralisk  
  199  16:15  Spore Crawler  
  199  16:18  Spore Crawler x2  
  197  16:22  Hydralisk x2  
  197  16:23  Spore Crawler  
  172  16:41  Hydralisk x6  
  176  16:51  Hydralisk x11  
  193  17:01  Overlord x2  
  191  17:14  Lurker  
  191  17:15  Lurker  
  181  17:16  Drone x3  
  181  17:21  Hydralisk x6  
  196  17:31  Lurker x2  
  196  17:32  Lurker  
  196  17:35  Lurker  
Show
View Real Time Build Order
Export as new Build Order

Asuna Protoss 

Build Orders: 1 Gate Expand, Carriers 

Get SALT Encoding   

  12  0:00  Probe  
  13  0:12  Probe  
  14  0:20  Pylon  
  14  0:24  Probe  
  15  0:38  Probe (Chrono Boost)  
  15  0:40  Gateway  
  16  0:49  Assimilator  
  17  0:50  Probe (Chrono Boost)  
  17  0:54  Probe (Chrono Boost)  
  18  1:04  Probe  
  19  1:20  Probe  
  19  1:24  Nexus  
  20  1:37  Cybernetics Core  
  20  1:42  Pylon  
  20  1:43  Probe  
  21  1:49  Zealot (Chrono Boost)  
  23  1:56  Assimilator  
  23  2:00  Probe  
  24  2:12  Probe  
  24  2:13  Adept (Chrono Boost)  
  27  2:24  Probe  
  28  2:33  Adept (Chrono Boost)  
  28  2:36  Probe  
  31  2:43  Probe  
  32  2:44  Stargate  
  32  2:46  Warp Gate  
  32  2:49  Probe  
  33  2:55  Probe  
  33  2:57  Adept  
  36  3:01  Probe (Chrono Boost)  
  36  3:05  Gateway  
  37  3:07  Probe (Chrono Boost)  
  38  3:13  Probe (Chrono Boost)  
  38  3:19  Probe (Chrono Boost)  
  40  3:21  Pylon  
  40  3:22  Probe (Chrono Boost)  
  40  3:24  Probe (Chrono Boost)  
  42  3:27  Probe  
  42  3:30  Void Ray (Chrono Boost)  
  43  3:39  Pylon  
  43  3:40  Probe x2  
  49  3:46  Adept  
  51  3:52  Probe  
  51  3:53  Probe  
  53  4:00  Void Ray  
  53  4:01  Pylon  
  53  4:04  Probe  
  58  4:10  Probe  
  58  4:16  Probe  
  58  4:22  Assimilator  
  58  4:23  Assimilator, Probe  
  57  4:28  Probe  
  56  4:35  Probe  
  57  4:39  Nexus  
  57  4:41  Probe  
  57  4:42  Adept x2  
  57  4:45  Shield Battery, Void Ray (Chrono Boost)  
  62  4:47  Probe  
  63  4:53  Probe  
  63  4:58  Stargate  
  63  4:59  Probe  
  69  5:03  Pylon  
  69  5:04  Pylon  
  69  5:15  Adept  
  70  5:21  Probe  
  70  5:22  Probe  
  70  5:23  Adept, Void Ray (Chrono Boost)  
  70  5:26  Pylon  
  78  5:33  Probe  
  78  5:34  Probe  
  80  5:38  Adept  
  82  5:42  Void Ray (Chrono Boost)  
  82  5:45  Probe  
  82  5:46  Probe  
  82  5:49  Adept  
  90  5:53  Probe  
  90  5:55  Void Ray (Chrono Boost)  
  91  5:58  Probe x2  
  91  6:01  Assimilator  
  91  6:03  Assimilator  
  97  6:04  Pylon  
  97  6:08  Twilight Council  
  97  6:11  Forge  
  97  6:19  Probe x3  
  100  6:26  Void Ray x2  
  100  6:31  Probe x2  
  108  6:33  Probe  
  107  6:42  Gateway  
  107  6:43  Probe x2  
  107  6:45  Gateway, Protoss Ground Weapons Level 1 (Chrono Boost)  
  107  6:47  Sentry x2  
  107  6:48  Probe  
  107  6:54  Gateway  
  110  6:56  Gateway  
  110  6:58  Probe  
  105  7:02  Pylon, Templar Archives  
  105  7:08  Pylon  
  105  7:10  Zealot  
  105  7:11  Zealot  
  105  7:15  Pylon  
  109  7:20  Pylon  
  109  7:26  Photon Cannon  
  109  7:27  Pylon  
  109  7:28  Gateway  
  109  7:29  Gateway  
  109  7:34  Gateway  
  109  7:36  Protoss Air Weapons Level 1  
  109  7:43  Gateway  
  109  7:46  Pylon  
  109  7:48  Probe x2  
  109  7:49  Probe  
  112  7:56  Psionic Storm  
  108  8:15  Phoenix x2 (Chrono Boost)  
  108  8:18  Photon Cannon  
  100  8:25  Photon Cannon  
  100  8:27  Stargate  
  100  8:28  Photon Cannon  
  100  8:29  Pylon x2  
  100  8:30  Photon Cannon  
  100  8:31  Photon Cannon  
  100  8:33  Pylon, Shield Battery, Zealot  
  102  8:36  Stalker x3  
  102  8:37  Stalker  
  108  8:42  Phoenix (Chrono Boost)  
  108  8:45  Phoenix (Chrono Boost)  
  86  9:05  Phoenix (Chrono Boost)  
  86  9:06  Phoenix (Chrono Boost)  
  86  9:07  Protoss Ground Weapons Level 2  
  90  9:13  High Templar  
  90  9:14  High Templar x3  
  98  9:19  Archon x2  
  98  9:21  Nexus  
  98  9:22  Pylon  
  98  9:25  Phoenix x2, Pylon  
  91  9:48  Phoenix  
  91  9:50  Photon Cannon, Phoenix x2  
  91  9:51  Fleet Beacon  
  97  9:53  Photon Cannon  
  97  10:02  Probe x2  
  99  10:07  Photon Cannon  
  99  10:08  Photon Cannon  
  99  10:09  Photon Cannon  
  99  10:17  Phoenix x3  
  105  10:28  Photon Cannon  
  105  10:29  Photon Cannon  
  105  10:30  Probe x3  
  105  10:31  Shield Battery  
  105  10:34  Shield Battery, Sentry x2  
  112  10:35  Probe  
  112  10:38  Anion Pulse-Crystals (Chrono Boost)  
  113  10:42  Probe  
  113  10:43  Probe x2  
  113  10:45  Phoenix x2  
  113  10:48  Probe  
  120  10:55  Probe x3  
  123  11:00  Probe  
  123  11:03  Assimilator  
  124  11:06  Assimilator  
  124  11:07  Probe x2  
  124  11:08  Probe  
  127  11:12  High Templar x3, Probe  
  127  11:18  Pylon  
  134  11:20  High Templar  
  134  11:23  Photon Cannon  
  134  11:24  Pylon  
  136  11:25  Shield Battery  
  136  11:32  Robotics Facility  
  136  11:43  Protoss Air Weapons Level 2 (Chrono Boost)  
  136  11:44  Photon Cannon  
  136  11:48  High Templar  
  136  11:50  Photon Cannon  
  136  11:57  Carrier (Chrono Boost)  
  138  12:07  High Templar  
  140  12:11  Photon Cannon  
  140  12:12  Shield Battery  
  140  12:13  High Templar, Shield Battery  
  142  12:15  High Templar  
  142  12:16  Pylon  
  142  12:19  Zealot x2  
  142  12:20  Zealot x5  
  158  12:27  Observer  
  158  12:28  Carrier (Chrono Boost)  
  159  12:31  Charge (Chrono Boost)  
  165  12:40  Nexus  
  165  12:42  Pylon  
  165  12:44  Pylon  
  165  12:46  Carrier (Chrono Boost)  
  169  13:01  Carrier (Chrono Boost)  
  169  13:03  Photon Cannon  
  169  13:04  Photon Cannon  
  175  13:06  Photon Cannon  
  175  13:07  Photon Cannon  
  175  13:09  Protoss Ground Weapons Level 3 (Chrono Boost)  
  175  13:10  Shield Battery  
  175  13:13  Shield Battery  
  175  13:17  Assimilator  
  175  13:22  Pylon, Carrier (Chrono Boost)  
  175  13:23  Assimilator  
  181  13:31  Probe x4  
  185  13:36  Carrier (Chrono Boost)  
  191  13:43  Probe x2  
  193  13:57  Oracle  
  193  13:58  Observer  
  132  14:19  Observer  
  132  14:23  Carrier  
  132  14:24  High Templar x2  
  139  14:32  Void Ray  
  139  14:34  Carrier  
  149  14:40  Flux Vanes  
  148  14:53  High Templar x2  
  148  14:54  High Templar  
  148  14:55  High Templar  
  156  15:08  Zealot x4  
  156  15:10  Zealot x2  
  161  15:24  Pylon  
  161  15:27  Pylon  
  158  15:31  Void Ray (Chrono Boost)  
  158  15:34  Carrier (Chrono Boost)  
  141  16:03  Zealot x8  
  141  16:04  Zealot  
  159  16:06  High Templar  
  167  16:14  Carrier (Chrono Boost)  
  167  16:18  Nexus, Dark Shrine  
  167  16:25  Pylon  
  167  16:28  Pylon  
  157  16:45  Carrier x2 (Chrono Boost)  
  137  16:54  Photon Cannon  
  139  16:56  Photon Cannon  
  139  16:58  Shield Battery  
  125  17:06  Carrier (Chrono Boost)  
  127  17:25  Shield Battery  
  127  17:26  Assimilator  
  127  17:30  Shield Battery  
  127  17:31  Photon Cannon  
  133  17:37  Probe x4  
  133  17:39  Probe  
  138  17:49  Probe x2  
  120  17:54  Zealot x5  
  120  17:56  Zealot  
  112  18:00  Zealot x2  
Tags
 
Add a new tag
Caveats
  • Supply blocks, unpowered buildings, or Contaminate may cause inaccurate times.
  • Supply counts are checked every 10 seconds.